 BcadrenCrawl: Boulder Brew version 0.06-688-g08e91b2d95 (webtiles) character file.

Game seed: 2124742114404471010

1011 Leeroy the Fighter (level 8, 0/99 HPs) Cyan Draconian Priest. Began on Feb 1, 2023. Was a Priest of Bahamut & Tiamat. Slain by a vampire mosquito (11 damage) ... on level 3 of the Dungeon. The game lasted 00:09:44 (3531 turns).

Leeroy the Fighter (Cyan Draconian Priest)          Turns: 3531, Time: 00:09:45

Health: 0/99       AC: 12    Str: 12    XL:     8 ^: 1353
Magic:  8/12       EV: 18    Int: 12    God:    Bahamut & Tiamat [3* [85]]
Gold:   89         SH:  0    Dex: 26    Spells: 3/7 levels left

rFire    . . .     Slash    +     - Unarmed
rCold    . . .     Pierce   x     - Unarmed
rNeg     + + .     Bludgeon .   (armour unavailable)
rCorr    . . .     Vision   .   (helmet restricted)
rPois    .         Gourm    .   (no cloak)
rElec    .         Faith    .   (no gloves)
MR       .....     Spirit   .   (no boots)
HPRegen  0.43/turn Reflect  .   (no amulet)
MPRegen  0.22/turn Harm     .   l - ring "Tal Otz" {rN++ Dex+5}
Stlth    +++.......             g - ring of protection

@: agile, short of breath
A: deformed body 2, cold-blooded, translocations enhancer 1, rCloud, rAir,
draconic flesh, AC +7
a: Breathe Blast of Wind, Adaptive Breath, Renounce Religion


You were on level 3 of the Dungeon.
You worshipped Bahamut & Tiamat.
Bahamut & Tiamat was most pleased with you.
You were not hungry.

You visited 1 branch of the dungeon, and saw 3 of its levels.
You also visited: Temple.

You collected 89 gold pieces.

Inventory:

Weapons
 b - a +2 dagger of freezing
 c - a +1 whip of venom
 m - a cursed +1 whip of caustic ooze {(Curse: rC-)}
 o - a +2 dagger of chaos Shields
 h - a +0 buckler
Jewellery
 g - a ring of protection (right hand)
 i - an uncursed ring of positive energy
 j - an uncursed ring of intelligence
 l - the ring "Tal Otz" (left hand) {rN++ Dex+5}
   (You took it off Pikel on level 1 of the Dungeon)

   [ring of dexterity]

   It affects your dexterity (+5).
   It greatly protects you from negative energy.
Scrolls
 d - a scroll of enchantment
Potions
 f - 2 potions of curing
 k - a potion of magic
 n - a potion of mutation
Comestibles
 a - 4 rations
 p - a chunk of flesh


   Skills:
 * Level 9.8 Fighting
 - Level 1.5 Dodging
 - Level 1.4 Stealth
 - Level 2.6 Unarmed Combat
 + Level 6.0 Invocations


You had 3 spell levels left.
You knew the following spells:

 Your Spells              Type           Power        Failure   Level  Hunger
a - Infusion Chrm 0 (25) 32% 1 40-60 b - Spectral Weapon Chrm/Summ      0 (100)      69%         3    120-180

Your spell library contained the following spells:

 Spells                   Type           Power        Failure   Level  Hunger
 Shroud of Golubria Chrm/Tloc 0 (200) 45% 2 80-120 Song of Slaying Chrm 0 (100) 45% 2 80-120 Regeneration Chrm/Necr      0 (200)      69%         3    120-180


Dungeon Overview and Level Annotations

Branches:
Dungeon (3/8)

Altars:

Annotations:
D:3 1 runed translucent door


Innate Abilities, Weirdness & Mutations

Your empereal azure scales are resilient. (AC +7)
You can breathe strong gales of wind.
You cannot wear any armour on your peculiar form.
You are cold-blooded and are slowed more easily by cold attacks.
You are in touch with the powers of translocation.
Your empereal azure scales grant you immunity to the effects of clouds and air. (rCloud, rAir)
Your scales resist being cut, but it's oddly easy to stick a small blade between them. (rSlashing+, rPiercing-)


Message History

The vampire mosquito bites you (3).
You are perforated ruthlessly!
* * * LOW HITPOINT WARNING * * *
The vampire mosquito bites you (7)!
You are perforated ruthlessly!
* * * LOW HITPOINT WARNING * * *
The vampire mosquito draws strength from your injuries (1).
Tiamat offers you a choice of breath powers. [a] - Breathe Negative Energy [b] - Breathe Fire [c] - Breathe Mutagenic Radiation [d] - Breathe Blast of Wind (your normal breath) Breathe what?
Breath at?
Press: ? - help, Shift-Dir - straight line, f - hound
Aim: a hound (93%, 93% to-hit, healthy (17/17), 61% (Melee))
You exhale a fountain of uncontrolled magic.
The blast of magical radiation blasts the vampire mosquito (9)!
The vampire mosquito is moderately damaged. (19/28) HP You feel somewhat more hungry.
The vampire mosquito bites you (11)!
You are perforated ruthlessly!
You die...

#. #.. #.#
#.. # #^
#..###.# ##
#+####......#
.$.
.......#<#
##.w
#.....###..
######.#.# #
####.###.#
#...hy@..#
#.##.##..# #
#†# ..#
#÷##..###
#........
#.###..###
#.# ..# #.#
..# #.


You could see a vampire mosquito and a hound.

Vanquished Creatures
  Pikel (D:1)
  Sigmund (D:2)
  A hound (D:3)
  3 jellies (D:2)
  2 giant cockroaches (D:1)
  A porcupine skeleton (D:3)
  A cysgobwca (D:3)
  3 adders (D:2)
  15 sewer rats
  5 cinder newts
  A worm (D:2)
  A bullfrog (D:2)
  A dart slug (D:1)
  9 leopard geckos
  6 bats
  2 hobgoblins (D:1)
  5 kobolds (D:1)
  A ball python (D:2)
  7 goblins (D:1)
  An orc skeleton (D:2)
  5 rats (D:1)
  A giant blowfly (D:2)
73 creatures vanquished.

Vanquished Creatures (others)
  A jelly (D:2)
  A leopard gecko (D:2)
  2 kobolds (D:2)
  A goblin skeleton (D:2)
  2 giant blowflies
  2 slimeheads (D:2)
  48 withered plants (D:2)
57 creatures vanquished.

Grand Total: 130 creatures vanquished

Notes
Turn   | Place    | Note
-------+----------+-------------------------------------------
     0 | Start Te | Leeroy the Immature Draconian Priest began the quest for
                  | the Orb.
     0 | Start Te | Reached XP level 1. HP: 29/29 MP: 3/3
     0 | Start Te | Found a sparkling altar of Nemelex Xobeh.
     1 | Start Te | Found a basalt altar of Yredelemnul.
     1 | Start Te | Found a white marble altar of Elyvilon.
     2 | Start Te | Found an iron altar of Okawaru.
     3 | Start Te | Found a glowing silver altar of Zin.
     3 | Start Te | Found a blossoming altar of Fedhas.
     4 | Start Te | Found a stormy altar of Qazlal.
     5 | Start Te | Found a glowing golden altar of the Shining One.
     5 | Start Te | Found an opulent altar of Gozag.
     6 | Start Te | Found a sacrificial altar of Ru.
     7 | Start Te | Found an ornate altar of Bahamut and Tiamat.
     7 | Start Te | Found a hazy altar of Hepliaklqana.
    15 | Start Te | Became a worshipper of Bahamut & Tiamat
    15 | Start Te | Reached * piety under Bahamut & Tiamat
    15 | Start Te | Reached ** piety under Bahamut & Tiamat
    63 | D:1      | Reached skill level 1 in Fighting
    63 | D:1      | Reached XP level 2. HP: 38/39 MP: 5/5
   199 | D:1      | Reached XP level 3. HP: 41/49 MP: 6/6
   293 | D:1      | Reached skill level 5 in Invocations
   315 | D:1      | Reached skill level 2 in Fighting
   723 | D:1      | Reached XP level 4. HP: 54/59 MP: 7/7
   726 | D:1      | Reached *** piety under Bahamut & Tiamat
   831 | D:1      | Reached skill level 3 in Fighting
  1144 | D:2      | Reached skill level 4 in Fighting
  1195 | D:2      | Reached XP level 5. HP: 60/69 MP: 8/8
  1287 | D:2      | Reached skill level 5 in Fighting
  1301 | D:2      | Identified a scroll of acquirement
  1487 | D:2      | Noticed Sigmund
  1607 | D:2      | Identified the ring "Tal Otz" {rN++ Dex+5}
  1607 | D:2      | Noticed Pikel
  2156 | D:1      | Killed Pikel
  2156 | D:1      | Reached skill level 8 in Fighting
  2156 | D:1      | Reached XP level 6. HP: 76/79 MP: 5/10
  2156 | D:1      | Your scales start taking on an empereal azure colour.
  2156 | D:1      | Reached XP level 7. HP: 85/89 MP: 5/11
  2156 | D:1      | Gained mutation: Your empereal azure scales grant you
                  | immunity to the effects of clouds and air. (rCloud, rAir)
                  | [Cyan Draconian growth]
  2156 | D:1      | Gained mutation: You are in touch with the powers of
                  | translocation. [Cyan Draconian growth]
  2725 | D:2      | Killed Sigmund
  2725 | D:2      | Reached skill level 9 in Fighting
  2923 | D:2      | Learned a level 1 spell: Infusion
  3151 | D:2      | Learned a level 3 spell: Spectral Weapon
  3475 | D:3      | Connectivity tunneler affected ossuary_minmay_chase.
  3476 | D:3      | Found a runed translucent door.
  3508 | D:3      | Reached XP level 8. HP: 29/99 MP: 12/12
  3531 | D:3      | Slain by a vampire mosquito

Illustrated notes

Levels and vault maps discovered:
D:1:      minmay_arrival_loop, layout_basic, minmay_fountain_box,
          gup_sewer_entry_bowl
D:2:      layout_sewer, first_ration, uniq_pikel, uniq_sigmund
D:3:      layout_loops_ring, nicolae_overflow_crystal_walls,
          ossuary_minmay_chase, basic_altar, grunt_ogre_cave, st_stairs_7,
          grunt_tough_drop

Skill      XL: |  1  2  3  4  5  6  7 |
---------------+----------------------+-----
Fighting       | 1 2 4 8 9 |  9.8
Invocations    | 5 6 |  6.0
Dodging        | |  1.5
Stealth        | |  1.4
Unarmed Combat | |  2.6

Action                   |  1- 3 |  4- 6 |  7- 9 || total
-------------------------+-------+-------+-------++-------
Melee: Unarmed           |   116 |   321 |   309 ||   746
       Peck              |     5 |    34 |    32 ||    71
       Dagger            |       |       |    20 ||    20
Invok: Choose Bahamut's  |     1 |       |       ||     1
       Choose Tiamat's A |     1 |       |       ||     1
       Adaptive Breath   |       |     1 |     3 ||     4
 Abil: Breathe Blast of  |       |       |     1 ||     1
  Use: Potion            |       |     2 |     2 ||     4
       Scroll            |       |     1 |     2 ||     3
 Stab: Sleeping          |     1 |     2 |       ||     3
       Distracted        |       |       |     3 ||     3
  Eat: Chunk             |       |     3 |     4 ||     7
       Ration            |       |       |     1 ||     1
Armor: Skin              |    19 |    42 |    57 ||   118
Dodge: Dodged            |    16 |    26 |    42 ||    84
